 Dungeon Crawl Stone Soup version 0.30.1-9-gdf580d7c3d (webtiles) character file.

Game seed: 14159694463133769216

77 H0rd4k the Charlatan (level 4, -4/28 HPs)
             Began as an Octopode Artificer on Sept 29, 2023.
             Slain by a gnoll
             ... wielding a +0 halberd
             ... led by a gnoll bouda
              (10 damage)
             ... on level 3 of the Dungeon.
             The game lasted 00:01:22 (1580 turns).

H0rd4k the Charlatan (Octopode Artificer)           Turns: 1580, Time: 00:01:22

Health: -4/28      AC:  1    Str: 11    XL:     4   Next: 33%
Magic:  4/4        EV: 13    Int: 15    God:
Gold:   88         SH:  0    Dex: 12    Spells: 3/3 levels left

rFire   . .          .
                       - Unarmed
rCold   + . .        (no shield)
rNeg    . . .        (helmet restricted)
rPois   .            (no amulet)
rElec   .            g - ring of protection from cold
rCorr   .            (no ring)
SInv    .            (no ring)
Will    .....        (no ring)
Stlth   +++          (no ring)
HPRegen 0.24/turn    (no ring)
MPRegen 0.09/turn    (no ring)
                     (no ring)

%: no passive effects
@: no status effects
A: almost no armour, amphibious, 8 rings, camouflage 1, gelatinous body 1,
(nimble swimmer 1), tentacles
a: no special abilities


You were on level 3 of the Dungeon.
You visited 1 branch of the dungeon, and saw 3 of its levels.

You collected 88 gold pieces.

Inventory:

Missiles
 n - 5 curare-tipped darts
Jewellery
 g - a ring of protection from cold (left tentacle)
Wands
 b - a wand of flame (8) (quivered)
 c - a wand of charming (13)
 d - a wand of iceblast (5)
Scrolls
 a - a scroll of poison {unknown}
 e - a scroll of fear {unknown}
 i - a scroll of blinking {unknown}
 j - a scroll of identify {unknown}
 l - a scroll of magic mapping {unknown}
Potions
 f - a potion of haste {unknown}
 h - a potion of curing {unknown}
 k - a potion of might {unknown}
 m - a potion of flight {unknown}


   Skills:
 + Level 1.1 Fighting
 + Level 3.2 Dodging
 - Level 1.3 Stealth
 + Level 1.4 Unarmed Combat
 + Level 4.4 Evocations


You had 3 spell levels left.
You didn't know any spells.
Your spell library contained the following spells:

 Spells                   Type           Power      Damage    Failure   Level
 Necrotise                Necr           0%         1d4       26%         1
 Scorch                   Fire           0%         2d5       38%         2
 Vampiric Draining        Necr           0%         2d6       63%         3
 Flame Wave               Conj/Fire      0%         2d4       95%         4
 Agony                    Necr           0%         N/A       100%        5
 Summon Cactus Giant      Summ           0%         N/A       100%        6


Dungeon Overview and Level Annotations

Branches:
Dungeon (3/15)

Altars:

Shops:
D:1 =   D:2 (*


Innate Abilities, Weirdness & Mutations

You cannot wear most types of armour.
You are amphibious.
You can wear up to eight rings at the same time.
Your skin changes colour to match your surroundings (Stealth+).
Your rubbery body absorbs attacks. (AC +1, EV +1)
((You are camouflaged when in or above water. (Stealth+)))
You have tentacles for arms and can constrict up to eight enemies at once.


Message History

The plant begins to die.
The gnoll completely misses the plant.
The gnoll bouda hits the plant with a +0 whip!
The gnoll hits the plant with a +0 spear!
The plant begins to die.
The gnoll hits the plant with a +0 whip.
The plant begins to die.
The gnoll bouda completely misses the plant.
The gnoll hits the plant with a +0 spear!
The gnoll hits the plant with a +0 club.
The plant begins to die.
The gnoll bouda gazes fiercely through you!
You feel your attacks grow feeble.
The gnoll bouda hits the plant with a +0 whip!
A nearby plant withers and dies. x2
The gnoll hits the plant with a +0 club.
The gnoll bouda gazes fiercely through you!
You feel as though you will be weak longer.
A nearby plant withers and dies.
Something hits the plant. x2
A nearby plant withers and dies.
The gnoll closely misses you. The adder misses you.
The gnoll is no longer moving quickly.
You closely miss the adder. Your grab misses the adder.
The adder bites you but does no damage.
The gnoll hits you from afar with a +0 halberd!
The gnoll hits you from afar with a +0 spear!
Aiming: Charm
Press: ? - help, Shift-Dir - straight line, f - adder
Aim: an adder (chance to affect: 68%)
The adder struggles to resist.
The adder barely misses you. The gnoll misses you.
The gnoll closely misses you. The adder bites you.
* * * LOW HITPOINT WARNING * * *
Unknown command.
Aiming: Charm
Press: ? - help, Shift-Dir - straight line, f/p - adder
Aim: an adder (chance to affect: 68%)
The adder is charmed.
Your attacks no longer feel as feeble.
The gnoll hits you from afar with a +0 halberd!
You die...

.#....#.#...#
......#.+...#
........#...#
.P..PP..#...+
P....PP.#...#
.........g..#
.P..P.....g.#
PP...g..#..g##########..
g...P.P.#.ggS@..<.......
PPP.PPg.################
......... ......+..
......#.. .....##


You could see a gnoll bouda, 4 gnolls and a friendly adder (charmed).

Vanquished Creatures
  2 adders (D:2)
  3 worms (D:2)
  A dart slug (D:2)
  3 bats
  An endoplasm (D:1)
  2 giant cockroaches
  A goblin (D:1)
  3 hobgoblins (D:2)
  15 jackals
  A kobold (D:1)
  5 ball pythons
  3 rats
40 creatures vanquished.

Notes
Turn   | Place    | Note
-------+----------+-------------------------------------------
     0 | D:1      | H0rd4k the Octopode Artificer began the quest for the Orb.
     0 | D:1      | Reached XP level 1. HP: 13/13 MP: 1/1
   113 | D:1      | Found Orach's Jewellery Emporium.
   174 | D:1      | Reached XP level 2. HP: 12/18 MP: 2/2
   484 | D:1      | Reached skill level 4 in Evocations
   914 | D:2      | Found Asytayna's Weapon Shop.
   928 | D:2      | Reached XP level 3. HP: 23/23 MP: 3/3
  1089 | D:2      | Found Tauwemux's Assorted Antiques.
  1144 | D:2      | Reached XP level 4. HP: 28/28 MP: 4/4
  1154 | D:2      | Reached skill level 1 in Unarmed Combat
  1580 | D:3      | Slain by a gnoll

Illustrated notes

Levels and vault maps discovered:
D:1:      sevenhm_arrival_forest_fort_small_3, layout_loops_ring, serial_shops,
          nicolae_shop_tiny_glass, hangedman_decor_clover_reticule
D:2:      layout_basic, serial_shops, nicolae_shop_dealshenge, shop_statue,
          guppyfry_early_lair_pool
D:3:      layout_basic, grunt_qazlal_clouds, mainiacjoe_overflow_two_lobes,
          hellmonk_ecumenical_altar_zigzags, st_stairs_4,
          chequers_serial_rivers_micro_a, nicolae_grassy_gnolls

Skill      XL: |  1  2  3  4 |
---------------+-------------+-----
Evocations     | 4 |  4.4
Dodging        | 3 |  3.2
Unarmed Combat | 1 |  1.4
Fighting       | |  1.1
Stealth        | |  1.3

Action                     |  1- 3 |  4- 6 || total
---------------------------+-------+-------++-------
  Melee: Unarmed           |    68 |    32 ||   100
         Tentacles         |    15 |    12 ||    27
         Constrict         |    19 |    13 ||    32
         Punch             |     2 |       ||     2
  Evoke: Wand              |     7 |     2 ||     9
   Stab: Sleeping          |     7 |       ||     7
 Armour: Skin              |    12 |     2 ||    14
  Dodge: Dodged            |    53 |    26 ||    79
